 Dungeon Crawl Stone Soup version 0.20-a0-351-gc9b4002 (webtiles) character file.

68 terra53 the Stinger (level 4, 0/27 HPs)
             Began as an Octopode Venom Mage on Dec 25, 2016.
             Succumbed to an adder's poison
             ... on level 2 of the Dungeon.
             The game lasted 00:04:40 (1293 turns).

terra53 the Stinger (Octopode Venom Mage)           Turns: 1293, Time: 00:04:40

Health: 0/27       AC:  1    Str:  8    XL:     4   Next: 19%
Magic:  3/7        EV: 13    Int: 17    God:
Gold:   72         SH:  0    Dex: 12    Spells: 6/7 levels left

rFire  . . .     SeeInvis .     (no weapon)
rCold  . . .     Gourm    .     (no shield)
rNeg   . . .     Faith    .     (helmet restricted)
rPois  .         Spirit   .     (no amulet)
rElec  .         Reflect  .     (no ring)
rCorr  .         Harm     .     (no ring)
MR     .....                    (no ring)
Stlth  +++.......               (no ring)
                                (no ring)
                                (no ring)
                                (no ring)
                                (no ring)

@: lethally poisoned (0 -> -10), very slightly contaminated, invisible
A: almost no armour, stealthy swim, amphibious, 8 rings, constrict 8, camouflage
1, gelatinous body 1
a: no special abilities


You were on level 2 of the Dungeon.
You were not hungry.

You visited 1 branch of the dungeon, and saw 2 of its levels.

You collected 72 gold pieces.

Inventory:

Scrolls
 c - a scroll of recharging {unknown}
 d - a scroll of fog {unknown}
 f - a scroll of enchant armour {unknown}
 g - a scroll of magic mapping {unknown}
 k - a scroll of blinking {unknown}
Potions
 h - a potion of berserk rage {unknown}
 i - a potion of curing {unknown}
Books
 a - a Young Poisoner's Handbook

   Spells                             Type                      Level
   a - Sting                          Conjuration/Poison           1
   b - Mephitic Cloud                 Conjuration/Poison/Air       3
   c - Olgreb's Toxic Radiance        Poison                       4
   d - Alistair's Intoxication        Transmutation/Poison         5
   e - Venom Bolt                     Conjuration/Poison           5
Comestibles
 b - a bread ration
 j - a meat ration
 m - 2 fruits


   Skills:
 + Level 0.2 Fighting
 + Level 2.2 Dodging
 + Level 3.0 Stealth
 + Level 0.2 Unarmed Combat
 + Level 2.3 Spellcasting
 + Level 0.4 Conjurations
 + Level 6.0 Poison Magic


You had 6 spell levels left.
You knew the following spells:

 Your Spells              Type           Power        Failure   Level  Hunger
a - Sting                 Conj/Pois      ##..         6%          1    #......


Dungeon Overview and Level Annotations

Branches:
Dungeon (2/15)

Altars:
Cheibriados
Xom


Innate Abilities, Weirdness & Mutations

You cannot wear most types of armour.
You are very stealthy in the water. (Stealth+)
You are amphibious.
You can wear up to eight rings at the same time.
You can use your tentacles to constrict eight enemies at once.
Your skin changes colour to match your surroundings (Stealth+).
Your rubbery body absorbs attacks. (AC +1, EV +1)


Message History

The adder bites you.
* * * LOW HITPOINT WARNING * * *
* * * LOW HITPOINT WARNING * * *
You feel sick.
All of the chunks of flesh in your inventory have rotted away.
Casting: Sting
Confirm with . or Enter, or press ? or * to list all spells.
Aiming: Sting
Press: ? - help, Shift-Dir - straight line, f/p - adder
Aim: an adder (heavily wounded, poisoned)
The sting hits the adder.
The adder looks even sicker.
The adder is severely wounded.
* * * LOW HITPOINT WARNING * * *
You feel sick. The adder bites you.
* * * LOW HITPOINT WARNING * * *
You are more poisoned.
The adder poisons you!
It was a potion of invisibility.
You fade into invisibility!
You die...

.................##.##⌠_.'†.#.#
##.##............##.##⌠_.').#.#
#.##...........###.####P##.#.#
#.#####...#.#.####.# ######.# #.#
#...#........# #...#.# #.#
#...###.###### #.#.#.# ##.##
##)## ###.#.#.### #...## ##..S##
#.........# #.#..# ##....@##
#.###.###.# #....## ##>......##
#..##.###.#
#.....####.........####......##.#
.........+<........'......>..##.#
#.#...####.........####......##.#
#.##.## ##.......## #..##.###.#
#.#### ##.....## #.###.###.# #.#
##...## #.........# #.# ##+##
#####.#####


You could see an adder.

Vanquished Creatures
  4 gnolls
  An ooze (D:2)
  A dart slug (D:1)
  A giant cockroach (D:1)
  5 goblins (D:1)
  2 hobgoblins (D:1)
  4 kobolds
  3 bats
  A frilled lizard (D:1)
  4 rats
26 creatures vanquished.

Notes
Turn   | Place    | Note
-------+----------+-------------------------------------------
     0 | D:1      | terra53 the Octopode Venom Mage began the quest for the Orb.
     0 | D:1      | Reached XP level 1. HP: 11/11 MP: 3/3
    81 | D:1      | Reached skill level 5 in Poison Magic
   229 | D:1      | Reached XP level 2. HP: 17/17 MP: 1/5
   504 | D:1      | Reached XP level 3. HP: 21/21 MP: 3/6
  1055 | D:2      | Reached skill level 6 in Poison Magic
  1055 | D:2      | Reached XP level 4. HP: 21/27 MP: 0/7
  1245 | D:2      | Found a snail-covered altar of Cheibriados.
  1245 | D:2      | Found a shimmering altar of Xom.
  1292 | D:2      | HP: 1/27 [adder (4)]
  1293 | D:2      | Succumbed to an adder's poison

Vault maps used:
D:1:      ncdulo_smallfort
D:2:      gammafunk_temple_overflow_wave

Skill      XL: |  1  2  3 |
---------------+----------+-----
Poison Magic   | 5 6 |  6.0
Stealth        | 3 |  3.0
Fighting       | |  0.2
Dodging        | |  2.2
Unarmed Combat | |  0.2
Spellcasting   | |  2.3
Conjurations   | |  0.4

Action                   |  1- 3 |  4- 6 || total
-------------------------+-------+-------++-------
Melee: Unarmed           |    22 |       ||    22
       Constrict         |     5 |       ||     5
       Tentacles         |     7 |       ||     7
 Cast: Sting             |    48 |     7 ||    55
  Use: Potion            |       |     1 ||     1
  Eat: Chunk             |       |     2 ||     2
Armor: Skin              |     1 |       ||     1
Dodge: Dodged            |    24 |       ||    24
